 Dungeon Crawl Stone Soup version 0.26.1-16-g4e020e15dc (webtiles) character file.

Game seed: 15392441393636226367

16 Froggeryz the Cutter (level 2, 21/21 HPs)
             Began as an Octopode Berserker on Mar 3, 2023.
             Was a Follower of Trog.
             Quit the game on level 1 of the Dungeon.
             The game lasted 00:00:46 (968 turns).

Froggeryz the Cutter (Octopode Berserker)            Turns: 968, Time: 00:00:46

Health: 21/21      AC:  1    Str: 16    XL:     2   Next: 54%
Magic:  2/2        EV: 14    Int:  9    God:    Trog [*.....]
Gold:   42         SH:  0    Dex: 11    Spells: 1/1 levels left

rFire    . . .     SeeInvis .   a - +0 short sword
rCold    . . .     Faith    .   (no shield)
rNeg     . . .     Spirit   .   (helmet restricted)
rPois    .         Reflect  .   (no amulet)
rElec    .         Harm     .   (no ring)
rCorr    .         Rampage  .   (no ring)
Will     .....                  (no ring)
Stlth    +++.......             (no ring)
HPRegen  0.07/turn              (no ring)
MPRegen  0.08/turn              (no ring)
                                (no ring)
                                (no ring)

@: no status effects
A: almost no armour, stealthy swim, amphibious, 8 rings, constrict 8, camouflage
1, gelatinous body 1
a: Renounce Religion, Berserk


You were on level 1 of the Dungeon.
You worshipped Trog.
Trog was aware of your devotion.
You visited 1 branch of the dungeon, and saw 1 of its levels.

You collected 42 gold pieces.

Inventory:

Hand Weapons
 a - a +0 short sword (weapon)
Scrolls
 b - a scroll of enchant weapon {unknown}
 c - a scroll of magic mapping {unknown}
 f - a scroll of remove curse {unknown}
 h - a scroll of identify {unknown}
Potions
 d - a potion of might {unknown}
 e - a potion of heal wounds {unknown}
 g - 2 potions of magic {unknown}


   Skills:
 + Level 3.2 Fighting
 * Level 3.4 Short Blades
 - Level 3.0 Dodging
 + Level 1.2 Stealth


You had one spell level left.
You didn't know any spells.
Your spell library was empty.

Dungeon Overview and Level Annotations

Branches:
Dungeon (1/15)

Altars:


Innate Abilities, Weirdness & Mutations

You cannot wear most types of armour.
You are very stealthy in the water. (Stealth+)
You are amphibious.
You can wear up to eight rings at the same time.
You can use your tentacles to constrict eight enemies at once.
Your skin changes colour to match your surroundings (Stealth+).
Your rubbery body absorbs attacks. (AC +1, EV +1)


Message History

A jackal comes into view.
A bat comes into view.
A bat is nearby!
A bat is nearby!
A kobold comes into view. It is wielding a +0 short sword.
The helpless bat fails to defend itself.
You puncture the bat!
You kill the bat!
Trog accepts your kill.
No reachable target in view!
No reachable target in view!
No reachable target in view!
No reachable target in view!
No reachable target in view!
No reachable target in view!
A kobold is nearby!
A kobold is nearby!
Are you sure you want to abandon this character and quit the game? (Confirm with "yes".)
Okay, then.
Are you sure you want to abandon this character and quit the game? (Confirm with "yes".)

. #.#### #### r.##
##. .##### ## ####
.# ##### h## ###
#...# ..####
..K.####.#.####h...#
.. ##†@.#...## #
#..#####..# #.# ##.#
#. #####.# .
##..#..# #
#.###.....##.###.
........#........ ##
###........####
#...######


You could see a kobold (asleep).

Vanquished Creatures
  A leopard gecko (D:1)
  A giant cockroach (D:1)
  2 goblins (D:1)
  4 hobgoblins (D:1)
  2 kobolds (D:1)
  A bat (D:1)
  A frilled lizard (D:1)
  A rat (D:1)
13 creatures vanquished.

Notes
Turn   | Place    | Note
-------+----------+-------------------------------------------
     0 | D:1      | Froggeryz the Octopode Berserker began the quest for the
                  | Orb.
     0 | D:1      | Reached XP level 1. HP: 16/16 MP: 1/1
   422 | D:1      | Reached XP level 2. HP: 10/21 MP: 2/2
   683 | D:1      | Reached skill level 1 in Stealth
   968 | D:1      | Quit the game

Illustrated notes

Levels and vault maps discovered:
D:1:      amcnicky_arrival_flooded_fountain, layout_loops_cross,
          serial_co_window_serial, co_window_cross_1, co_window_paths_a,
          co_window_of_opportunity_a, co_window_paths_a, co_window_corner_a,
          co_window_unsneaky_path_e, co_window_broadway_a, co_window_broadway_c,
          co_window_of_opportunity_b, co_window_sun, co_window_4corner_b,
          glass_columns_a, glass_columns_c, glass_columns_b, glass_columns_b,
          minmay_strange_pillars, nrook_campfire

Skill      XL: |  1  2 |
---------------+-------+-----
Stealth        | 1 |  1.2
Fighting       | |  3.2
Short Blades   | |  3.4
Dodging        | |  3.0

Action                   || total
-------------------------++-------
Melee: Short sword       ||    24
       Constrict         ||     9
       Tentacles         ||     4
 Stab: Sleeping          ||     4
Dodge: Dodged            ||    12
